 Dungeon Crawl Stone Soup version 0.30-a0-142-g7370640ec8 (webtiles) character file.

Game seed: 17050932920154599026

55 qw the Chopper (level 3, -9/23 HPs)
             Began as a Gargoyle Fighter on Sept 26, 2022.
             Mangled by Terence
             ... wielding a +0 flail
              (12 damage)
             ... on level 2 of the Dungeon.
             The game lasted 00:00:37 (1707 turns).

qw the Chopper (Gargoyle Fighter)                   Turns: 1707, Time: 00:00:38

Health: -9/23      AC: 10    Str: 21    XL:     3   Next: 93%
Magic:  3/3        EV: 13    Int:  8    God:
Gold:   85         SH:  4    Dex:  9    Spells: 2/2 levels left

rFire   . . .      SeeInvis .    Y - +1 war axe
rCold   . . .      Faith    .    c - +0 buckler
rNeg    + . .      Spirit   .    b - +0 scale mail
rPois   inf        Reflect  .    (no helmet)
rElec   +          Harm     .    (no cloak)
rCorr   .          Rampage  .    (no gloves)
Will    .....                    (no boots)
Stlth   ..........               (no amulet)
HPRegen 0.07/turn                k - +4 ring of evasion
MPRegen 0.08/turn                (no ring)

@: no status effects
A: sickness immunity, AC +3, negative energy resistance 1, electricity
resistance, torment resistance 1, petrification resistance
a: no special abilities


You were on level 2 of the Dungeon.
You visited 1 branch of the dungeon, and saw 2 of its levels.

You collected 85 gold pieces.


Innate Abilities, Weirdness & Mutations

You are immune to sickness and miasma.
Your stone body is resilient. (AC +3)
You are immune to poison.
You resist negative energy. (rN+)
You are resistant to electric shocks. (rElec)
You are resistant to unholy torment.
You are immune to petrification.


   Skills:
 - Level 3.2 Fighting
 + Level 3.7 Axes
 - Level 3.2 Armour
 - Level 3.2 Shields


You had 2 spell levels left.
You didn't know any spells.
Your spell library was empty.

Inventory:

Hand Weapons
 e - a +0 club
 Y - a +1 war axe (weapon)
Armour
 b - a +0 scale mail (worn)
 c - a +0 buckler (worn)
Jewellery
 k - a +4 ring of evasion (left hand)
Scrolls
 a - a scroll of brand weapon {unknown}
 i - a scroll of silence {unknown}
Potions
 d - a potion of might
 f - a potion of ambrosia {unknown}
 g - a potion of curing {unknown}
 h - a potion of degeneration {unknown}
 l - a potion of lignification {unknown}
 m - 2 potions of brilliance {unknown}

Dungeon Overview and Level Annotations

Branches:
Dungeon (2/15)

Altars:

Annotations:
D:2 Terence


Message History

You open the door.
There is an open door here.
You open the door.
There is an open door here.
A rat comes into view.
Enter note: You hit the rat.
You kill the rat!
You see here a rat corpse.
You see here a rat corpse.
m - 2 clear potions (gained 1)
You now have 85 gold pieces (gained 9).
You open the door.
There is an open door here.
There is an open door here.
A goblin comes into view. It is wielding a +0 dagger.
The goblin shouts!
Terence the Incautious comes into view.
He is wielding a +0 flail.
Enter note: Terence shouts!
You slash the goblin!
You kill the goblin!
You barely miss Terence.
Terence drinks a potion.
Terence goes berserk!
Terence hits you with a +0 flail.
You barely miss Terence. Terence misses you. Terence hits you with a +0 flail.
You slash Terence!
Terence is heavily wounded.
Terence hits you with a +0 flail! Terence completely misses you.
You hit Terence.
Terence is severely wounded.
Terence barely misses you. Terence hits you with a +0 flail.
You closely miss Terence.
Terence is severely wounded.
Terence hits you but does no damage. Terence barely misses you.
You hit Terence.
Terence is almost dead.
Terence hits you with a +0 flail!
Ouch! That really hurt!
You die...

# #.##...#.# #.##...#.#
#.##...#.# # #^##.###.#
## ###.##.###.# ..
.##........# .# #
..####.#.### .###..#
...###....#######.......
...'............@@......
...###....#######.......
..## #......# .......
.## ######.# .....## ##
#.# ##.### ###########.#
.# #........##.# #
#.######.##.#
#.######.##.#


You could see Terence (berserk).

Vanquished Creatures
  2 adders (D:2)
  2 dart slugs (D:1)
  2 endoplasms (D:1)
  3 giant cockroaches
  2 hobgoblins (D:1)
  4 kobolds
  A quokka (D:1)
  4 ball pythons (D:1)
  3 frilled lizards (D:1)
  6 goblins
  4 rats
33 creatures vanquished.

Notes
Turn   | Place    | Note
-------+----------+-------------------------------------------
     0 | D:1      | qw the Gargoyle Fighter began the quest for the Orb.
     0 | D:1      | Reached XP level 1. HP: 14/14 MP: 1/1
     0 | D:1      | 0 ||| qw: Version: 0.2-a-10-g399e6c4
     0 | D:1      | 0 ||| qw: Game counter: 484
     0 | D:1      | 0 ||| qw: Always use a shield: true
     0 | D:1      | 0 ||| qw: God list: Okawaru
     0 | D:1      | 0 ||| qw: Allow faded altars: false
     0 | D:1      | 0 ||| qw: Do Orc after D:15 true
     0 | D:1      | 0 ||| qw: Do second Lair branch before Depths: true
     0 | D:1      | 0 ||| qw: Lair rune preference: random
     0 | D:1      | 0 ||| qw: Plans: Normal, Zot:1-4, God:TSO, Crypt, Tomb,
                  | Pan, Slime:5, Hells, Abyss, Orb
     0 | D:1      | 0 ||| PLANNING D:1-11
   117 | D:1      | 117 ||| Stepping ~*~*~tactically~*~*~ (hiding).
   186 | D:1      | Reached XP level 2. HP: 19/19 MP: 2/2
   475 | D:1      | 475 ||| Stepping ~*~*~tactically~*~*~ (stealth).
   491 | D:1      | 491 ||| Stepping ~*~*~tactically~*~*~ (stealth).
   667 | D:1      | Reached skill level 3 in Axes
   704 | D:1      | Reached XP level 3. HP: 21/23 MP: 3/3
  1193 | D:1      | 1193 ||| UPGRADING to +4 ring of evasion.
  1194 | D:1      | 1194 ||| READING 3 scrolls labelled ASSUIXKIDUN.
  1195 | D:1      | 1195 ||| READING scroll labelled NULYTI ALAROFF.
  1196 | D:1      | 1196 ||| READING scroll labelled ZUSELO RA ZIOH.
  1197 | D:1      | 1197 ||| DROPPING 2 scrolls of immolation.
  1695 | D:2      | Noticed Terence
  1705 | D:2      | HP: 3/23 [Terence/+0 flail (3)]
  1707 | D:2      | Mangled by Terence

Levels and vault maps discovered:
D:1:      dpeg_arrival_leaves_temple_mockup, layout_loops_corners
D:2:      layout_loops_corners, basic_altar, uniq_terence

Skill      XL: |  1  2 |
---------------+-------+-----
Axes           | 2 3 |  3.7
Fighting       | |  3.2
Armour         | |  3.2
Shields        | |  3.2

Action                   || total
-------------------------++-------
Melee: War axe           ||   108
  Use: Scroll            ||     3
Armor: Scale mail        ||    57
Dodge: Dodged            ||    46
Block: Buckler           ||    11

Table legend:
 A = Non-vault XP
 B = Vault XP
 C = Vault XP percentage of total XP
 D = Non-vault monster count
 E = Vault monster count
 F = Vault count percentage of total count
                 A         B        C        D         E       F
            +---------+---------+-------+---------+---------+-------
      Total |      79 |       0 |   0.0 |      33 |       0 |   0.0
            +---------+---------+-------+---------+---------+-------
        D:1 |      47 |       0 |   0.0 |      27 |       0 |   0.0
        D:2 |      32 |       0 |   0.0 |       6 |       0 |   0.0
            +---------+---------+-------+---------+---------+-------
